AoeStats
← ME_DEPRIME_JUGAR_CON_USTEDES

Oasis

509532981Analyzed
4v4 RM · 3d ago on Sep 27, 2026· 32m 32s· 8 players
Game mode
Random Map
Map size
Large (8 player)
Population
200
Speed
Normal
Resources
Standard
Victory
Conquest
Starting age
Dark Age
Ending age
Imperial Age
RankedLock teamsTeams togetherTeam positionsShared explorationLock speedFull tech treeHidden civsTurbo modeCheats
Victory
Defeat
🇦🇷 Wu · Argentina
1545
+10
🇦🇷 Magyars · Argentina
1448
+14
🇦🇷 Ethiopians · Argentina
1428
+13
🇦🇷 Khmer · Argentina
1420
+14
🇨🇳 Japanese · China
1429
-14
🇹🇼 Aztecs · Taiwan
1395
-13
🇺🇸 Teutons · United States
1380
-12
🇺🇸 Poles · United States
1379
-12
Hamstring Cramp
5:47 Loom
13:51 Feudal Age
21:39 Double-Bit Axe
32:05 Castle Age
30:37 Fletching
peterzjx
7:21 Loom
9:56 Feudal Age
19:24 Fletching
27:46 Wheelbarrow
29:52 Castle Age
30:24 Bloodlines
30:20 Scale Barding Armor
30:46 Forging
32:42 Chain Barding Armor
b09581270
8:04 Loom
10:32 Feudal Age
15:01 Castle Age
13:01 Double-Bit Axe
18:57 Crossbowman
21:10 Fletching
24:07 Bodkin Arrow
24:46 Padded Archer Armor
27:10 Man-at-Arms
28:00 Scale Mail Armor
28:11 Forging
29:32 Wheelbarrow
29:18 Long Swordsman
31:47 Iron Casting
Boss
10:48 Feudal Age
14:13 Horse Collar
14:22 Double-Bit Axe
18:59 Castle Age
19:51 Bow Saw
19:45 Heavy Plow
19:42 Loom
22:00 Wheelbarrow
25:43 Fervor
26:03 Heavy Plow
27:44 Stone Mining
27:44 Gold Mining
29:31 Gold Shaft Mining
32:46 Imperial Age
30:39 Hand Cart
31:04 Ballistics
30:55 Masonry
30:26 Treadmill Crane
30:42 Fletching
30:54 Scale Mail Armor
31:04 Forging
31:04 Guard Tower
31:20 Bodkin Arrow
31:40 Yasama
31:48 Murder Holes
ds_manu2
6:42 Loom
9:16 Feudal Age
10:15 Double-Bit Axe
10:16 Man-at-Arms
23:00 Castle Age
25:34 Town Watch
28:04 Wheelbarrow
28:27 Bow Saw
28:57 Horse Collar
29:28 Town Watch
30:39 Scale Barding Armor
JLoops
10:26 Feudal Age
11:34 Double-Bit Axe
14:01 Castle Age
12:12 Double-Bit Axe
12:07 Horse Collar
15:39 Bow Saw
16:00 Heavy Plow
21:16 Wheelbarrow
22:12 Hand Cart
24:16 Loom
27:24 Imperial Age
25:44 Gold Mining
25:48 Fletching
26:21 Stone Mining
27:17 Bodkin Arrow
27:22 Padded Archer Armor
27:44 Ballistics
28:01 Gold Shaft Mining
28:29 Stone Shaft Mining
27:28 Crossbowman
28:14 Thumb Ring
29:11 Chemistry
28:12 Bracer
28:22 Town Watch
29:02 Leather Archer Armor
28:14 Arbalester
30:08 Siege Engineers
30:49 Ring Archer Armor
30:48 Conscription
32:18 Torsion Engines
Nikems
9:29 Feudal Age
10:02 Double-Bit Axe
14:46 Horse Collar
16:20 Wheelbarrow
16:27 Bloodlines
22:24 Castle Age
21:44 Scale Barding Armor
24:11 Bow Saw
25:10 Chain Barding Armor
25:48 Heavy Plow
25:54 Gold Mining
27:50 Stone Mining
28:57 Husbandry
29:39 Hand Cart
ME_DEPRIME_JUGAR_CON_USTEDES
10:16 Feudal Age
10:26 Man-at-Arms
19:03 Double-Bit Axe
21:50 Castle Age
20:19 Scale Mail Armor
21:22 Forging
21:05 Arson
22:04 Wheelbarrow
23:00 Bow Saw
23:35 Chain Mail Armor
23:24 Squires
27:11 Gold Mining
Connection lost

Rejoining the realm…

Still unreachable

The connection could not be restored.

Session expired

The server has moved on; the page needs a fresh start.